Map: Miner Evacuation

Players

Yuriprime

  • Race: Zerg Zerg
  • Spawn Location: 7:00

ViS

  • Race: Zerg Zerg

VOD

Have the link to the VOD?

Description

Time

  • Played on: Dec. 28, 2017, 7 a.m.
  • Length: 14:11
Show
View Real Time Build Order
Export as new Build Order

Yuriprime Zerg 

Build Orders:  

Get SALT Encoding   

  12  0:04  Drone  
  13  0:19  Overlord  
  13  0:27  Drone  
  14  0:45  Drone x3  
  17  1:02  Roach Warren  
  17  1:06  Drone  
  17  1:12  Drone  
  17  1:16  Extractor  
  17  1:20  Extractor  
  16  1:39  Roach x2  
  20  1:52  Roach  
  22  2:07  Overlord  
  22  2:32  Drone x3  
  22  2:34  Roach  
  22  2:37  Drone  
  22  2:39  Roach  
  26  2:56  Brutalisk  
  26  2:59  Drone x3  
  29  3:41  Drone  
  29  3:43  Lair  
  29  3:44  Roach  
  29  3:46  Overlord  
  30  4:06  Brutalisk  
  30  4:20  Roach  
  30  4:31  Spire  
  30  4:35  Drone  
  30  4:36  Infestation Pit, Drone x6  
  35  5:08  Roach  
  35  5:25  Hatchery, Extractor  
  33  5:30  Brutalisk  
  33  5:55  Extractor  
  33  5:57  Mutalisk x3  
  38  6:16  Drone  
  38  6:17  Drone x5  
  44  6:39  Overlord x3  
  44  6:50  Mutalisk  
  44  7:18  Leviathan  
  44  7:30  Mutalisk x2  
  44  7:51  Mutalisk x2  
  44  7:52  Mutalisk x4  
  44  7:58  Leviathan x2  
  56  8:31  Vicious Glave  
  56  8:38  Drone  
  56  8:39  Drone x6  
  53  8:40  Drone x5  
  63  8:41  Overlord x4  
  63  8:42  Overlord  
  68  9:38  Roach  
  68  9:39  Roach x2  
  72  9:52  Mutalisk  
  72  9:53  Mutalisk x5  
  84  10:06  Mutalisk, Roach  
  84  10:07  Roach x4  
  96  10:25  Roach  
  96  10:42  Pneumatized Carapace  
  96  10:43  Overseer  
  96  10:46  Overseer x3  
  96  10:47  Brutalisk  
  66  10:50  Roach x5  
  106  11:05  Mutalisk  
  106  11:09  Overlord  
  108  11:10  Overlord x2  
  108  11:11  Overlord  
  100  11:33  Mutalisk x2  
  100  11:34  Mutalisk  
  100  11:35  Overlord  
  100  11:37  Overlord  
  92  12:09  Mutalisk  
  86  12:10  Mutalisk x2  
  86  12:11  Roach  
  86  12:12  Roach x3  
  94  12:33  Mutalisk  
  94  12:34  Mutalisk  
  94  12:35  Roach x3  
  96  12:58  Mutalisk  
  96  12:59  Mutalisk  
Show
View Real Time Build Order
Export as new Build Order

ViS Zerg 

Build Orders:  

Get SALT Encoding   

  18  0:03  Primal Drone  
  19  0:11  Primal Drone  
  19  0:18  Primal Drone  
  21  0:27  Extractor  
  21  0:50  Primal Warden  
  21  0:55  Primal Drone  
  23  1:00  Primal Drone  
  23  1:07  Primal Drone  
  25  1:13  Primal Drone  
  26  1:21  Primal Drone  
  27  1:46  Primal Drone  
  28  2:03  Extractor  
  28  2:04  Primal Drone, Glevig's Den  
  28  2:10  Primal Drone  
  29  2:25  Primal Drone  
  30  2:45  Primal Drone  
  31  2:58  Primal Drone  
  37  3:14  Primal Hive  
  37  3:21  Primal Drone  
  38  3:42  Primal Drone  
  39  3:51  Primal Drone  
  39  3:58  Murvar's Den  
  39  4:05  Primal Drone  
  41  4:10  Primal Roach  
  41  4:17  Primal Warden  
  43  4:27  Concentrated Fire  
  43  4:28  Primal Drone  
  44  4:30  Primal Attacks Level 1  
  44  4:49  Primal Drone x2  
  46  5:13  Primal Drone  
  47  5:33  Primal Drone  
  48  5:49  Primal Drone  
  49  5:54  Primal Roach x2  
  49  5:55  Primal Roach x2  
  57  6:03  Primal Hive  
  57  6:10  Primal Drone x2  
  57  6:13  Primal Drone x4  
  57  6:14  Primal Drone, Extractor x2  
  64  6:46  Primal Drone x4  
  68  6:52  Primal Roach x2  
  68  6:53  Primal Roach x5  
  68  6:55  Primal Igniter x2  
  80  7:44  Primal Drone x2  
  80  7:45  Primal Attacks Level 2, Primal Drone x4  
  80  7:46  Primal Roach  
  80  7:47  Primal Roach x2  
  92  7:50  Primal Igniter x2  
  92  7:51  Primal Igniter x2  
  92  7:54  Glial Reconstitution  
  88  8:27  Primal Roach x2  
  88  8:28  Primal Roach x5  
  88  8:29  Primal Roach  
  104  8:30  Primal Igniter  
  103  9:05  Primal Drone  
  103  9:06  Primal Drone x2  
  106  9:13  Primal Roach x3  
  106  9:14  Primal Igniter x2  
  106  9:15  Primal Igniter x2  
  106  9:18  Primal Roach x3  
  105  10:04  Primal Roach x5  
  105  10:05  Primal Roach  
  105  10:06  Primal Igniter x2  
  105  10:07  Primal Igniter  
  114  10:20  Primal Roach x2  
  114  10:23  Dakrun's Den  
  117  10:35  Primal Roach  
  117  10:36  Primal Roach  
  121  11:03  Primal Roach x3  
  121  11:09  Primal Warden, Primal Igniter x3  
  126  11:10  Primal Igniter  
  126  11:11  Primal Igniter  
  126  11:12  Primal Warden  
  124  11:45  Primal Roach x5  
  134  12:03  Primal Roach x3  
  134  12:05  Primal Igniter  
  139  12:18  Primal Igniter  
Tags
 
Add a new tag
Caveats
  • Supply blocks, unpowered buildings, or Contaminate may cause inaccurate times.
  • Supply counts are checked every 10 seconds.